 Dungeon Crawl Stone Soup version 0.31-a0-233-g139696dc86 (webtiles) character file.

Game seed: 12484450887865110409

92 qw the Shooter (level 4, -4/26 HPs)
             Began as a Gargoyle Hexslinger on July 8, 2023.
             Killed from afar by Ijyb (22 damage)
             ... with a bolt of dispelling energy
             ... on level 3 of the Dungeon.
             The game lasted 00:00:46 (1702 turns).

qw the Shooter (Gargoyle Hexslinger)                Turns: 1702, Time: 00:00:47

Health: -4/26      AC:  8    Str: 11    XL:     4   Next: 60%
Magic:  5/5        EV: 10    Int: 14    God:
Gold:   71         SH:  0    Dex: 14    Spells: 4/5 levels left

rFire   . . .        Y - +1 sling
rCold   . . .        (no shield)
rNeg    + . .        f - +0 ring mail
rPois   inf          (no helmet)
rElec   +            (no cloak)
rCorr   .            (no gloves)
SInv    .            (no boots)
Will    .....        j - amulet of faith
Stlth   +            (no ring)
HPRegen 0.24/turn    (no ring)
MPRegen 0.09/turn

%: faith
@: no status effects
A: sickness immunity, AC +3, negative energy resistance 1, electricity
resistance, torment resistance 1, petrification resistance
a: no special abilities


You were on level 3 of the Dungeon.
You visited 1 branch of the dungeon, and saw 3 of its levels.

You collected 71 gold pieces.


Innate Abilities, Weirdness & Mutations

You are immune to sickness and miasma.
Your stone body is resilient. (AC +3)
You are immune to poison.
You resist negative energy. (rN+)
You are resistant to electric shocks. (rElec)
You are resistant to unholy torment.
You are immune to petrification.


   Skills:
 - Level 2.0 Fighting
 - Level 4.3 Ranged Weapons
 + Level 0.1 Armour
 - Level 1.5 Dodging
 - Level 1.0 Spellcasting
 - Level 2.6 Hexes


You had 4 spell levels left.
You knew the following spells:

 Your Spells              Type           Power      Damage    Failure   Level
a - Slow                  Hex            32%        N/A       22%         1

Your spell library contained the following spells:

 Spells                   Type           Power      Damage    Failure   Level
 Inner Flame              Hex/Fire       4%         N/A       73%         3
 Portal Projectile        Hex/Tloc       8%         N/A       73%         3
 Cause Fear               Hex            4%         N/A       91%         4

Inventory:

Hand Weapons
 Y - a +1 sling (weapon)
Armour
 f - a +0 ring mail (worn)
Jewellery
 b - a ring of ice
 h - an amulet of the acrobat
 j - an amulet of faith (around neck)
Scrolls
 a - 2 scrolls of identify
Potions
 c - a potion of curing
 d - a potion of haste
 e - a potion of mutation {unknown}
 g - a potion of invisibility {unknown}

Dungeon Overview and Level Annotations

Branches:
Dungeon (3/15)

Altars:
Trog

Annotations:
D:3 Ijyb


Message History

You start resting.
HP restored.
The endoplasm quivers.
You shoot a sling bullet. The sling bullet hits the endoplasm.
You kill the endoplasm!
b - a ring of ice
Found a stone staircase leading up.
A bat comes into view.
The bat closely misses you.
You shoot a sling bullet.
The sling bullet hits the bat but does no damage.
The bat barely misses you. The bat hits you but does no damage.
The bat barely misses you.
You shoot a sling bullet.
The sling bullet closely misses the bat.
The bat closely misses you.
You shoot a sling bullet.
The sling bullet closely misses the bat.
The bat barely misses you. The bat hits you but does no damage.
You shoot a sling bullet. The sling bullet barely misses the bat.
The bat misses you.
You shoot a sling bullet. The sling bullet hits the bat.
You kill the bat!
Found a scroll of fear.
Found a stone staircase leading down.
There is a stone staircase leading up here.
e - a puce potion
g - a bubbling dark potion Ijyb the Twisted Goblin comes into view.
She is wielding a +0 dagger and carrying a wand of quicksilver (13).
Ijyb shouts!
Enter note:
Enter note: You shoot a sling bullet.
The sling bullet hits Ijyb.
Ijyb is lightly wounded.
You shoot a sling bullet. The sling bullet hits Ijyb.
Ijyb is moderately wounded.
Ijyb zaps a wand.
The bolt of dispelling energy hits you!
Ijyb zaps a wand.
The bolt of dispelling energy hits you!!
Ouch! That really hurt!
You die...

#..###<## .###
#..# #..####....
#.. #.......#
... #.....>.#
.... #?......#
.###. ####.####
... #.####
.....##....####
#g..@........
......######.#..
...... # .....
..... .... ....


You could see Ijyb.

Vanquished Creatures
  A sleepcap (D:3)
  2 worms
  A dart slug (D:2)
  2 ball pythons (D:1)
  5 endoplasms
  4 giant cockroaches
  4 goblins
  2 hobgoblins (D:1)
  10 jackals
  7 bats
  5 frilled lizards
  4 kobolds
  6 rats
53 creatures vanquished.

Notes
Turn   | Place    | Note
-------+----------+-------------------------------------------
     0 | D:1      | qw the Gargoyle Hexslinger began the quest for the Orb.
     0 | D:1      | Reached XP level 1. HP: 12/12 MP: 2/2
     0 | D:1      | 0 ||| qw: Version: 0.3-a-46-gb1f654a
     0 | D:1      | 0 ||| qw: Game counter: 3532
     0 | D:1      | 0 ||| qw: Melee chars always use a shield: true
     0 | D:1      | 0 ||| qw: God list: Okawaru
     0 | D:1      | 0 ||| qw: Allow faded altars: false
     0 | D:1      | 0 ||| qw: Do Orc after clearing Dungeon:15 true
     0 | D:1      | 0 ||| qw: Do second Lair branch before Depths: true
     0 | D:1      | 0 ||| qw: Lair rune preference: random
     0 | D:1      | 0 ||| qw: Goals: Normal
     0 | D:1      | 0 ||| PLANNING D:1-11
   118 | D:1      | Reached XP level 2. HP: 14/16 MP: 3/3
   133 | D:1      | Found a faded altar of an unknown god.
   236 | D:1      | Reached skill level 3 in Ranged Weapons
   437 | D:1      | Reached XP level 3. HP: 21/21 MP: 4/4
   653 | D:1      | 653 ||| UPGRADING to +0 leather armour.
   663 | D:1      | 663 ||| DROPPING +0 robe.
   664 | D:1      | 664 ||| UPGRADING to +0 ring mail.
   674 | D:1      | 674 ||| DROPPING +0 leather armour.
   675 | D:1      | 675 ||| READING scroll labelled BOKA TOTUU.
   676 | D:1      | 676 ||| READING scroll labelled BUCLEH CISY.
   677 | D:1      | 677 ||| DROPPING scroll of poison.
  1015 | D:2      | Found a bloodstained altar of Trog.
  1489 | D:2      | 1489 ||| DROPPING amulet of magic regeneration.
  1490 | D:2      | 1490 ||| UPGRADING to amulet of the acrobat.
  1495 | D:2      | 1495 ||| UPGRADING to amulet of faith.
  1505 | D:2      | 1505 ||| READING 4 scrolls labelled VOMIEM VIRO.
  1506 | D:2      | 1506 ||| READING scroll labelled AHYH PAOL HOA.
  1507 | D:2      | 1507 ||| READING scroll labelled CAC QEOSIG.
  1508 | D:2      | 1508 ||| READING 2 scrolls labelled XOCZAK WEABB.
  1509 | D:2      | 1509 ||| READING scroll labelled YTTONY VATT.
  1513 | D:2      | 1513 ||| DRINKING 2 lumpy red potions.
  1514 | D:2      | 1514 ||| READING 3 scrolls of identify.
  1514 | D:2      | 1514 ||| IDENTIFYING pink potion
  1515 | D:2      | 1515 ||| DROPPING scroll of fear.
  1565 | D:3      | Reached XP level 4. HP: 20/26 MP: 5/5
  1634 | D:3      | Reached skill level 4 in Ranged Weapons
  1638 | D:3      | 1638 ||| FLEEEEING.
  1700 | D:3      | Noticed Ijyb
  1702 | D:3      | Killed from afar by Ijyb

Levels and vault maps discovered:
D:1:      nagdon_arrival_double_spiral, layout_rooms,
          ebering_ecumenical_altar_webs, minmay_stone_trees_medium
D:2:      layout_basic, basic_altar
D:3:      layout_rooms, uniq_ijyb

Skill      XL: |  1  2  3  4 |
---------------+-------------+-----
Ranged Weapons | 3 4 |  4.3
Fighting       | 2 |  2.0
Armour         | |  0.1
Dodging        | |  1.5
Spellcasting   | |  1.0
Hexes          | |  2.6

Action                     |  1- 3 |  4- 6 || total
---------------------------+-------+-------++-------
   Fire: Sling             |   146 |    32 ||   178
    Use: Scroll            |     8 |       ||     8
         Potion            |     1 |       ||     1
 Armour: Robe              |    12 |       ||    12
         Ring mail         |    41 |     7 ||    48
  Dodge: Dodged            |    63 |     8 ||    71

Table legend:
 A = Non-vault XP
 B = Vault XP
 C = Vault XP percentage of total XP
 D = Non-vault monster count
 E = Vault monster count
 F = Vault count percentage of total count
                 A         B        C        D         E       F
            +---------+---------+-------+---------+---------+-------
      Total |     132 |       0 |   0.0 |      53 |       0 |   0.0
            +---------+---------+-------+---------+---------+-------
        D:1 |      47 |       0 |   0.0 |      29 |       0 |   0.0
        D:2 |      34 |       0 |   0.0 |      17 |       0 |   0.0
        D:3 |      51 |       0 |   0.0 |       7 |       0 |   0.0
            +---------+---------+-------+---------+---------+-------
